 Dungeon Crawl Stone Soup version 0.28-a0-664-gc179e30c89 (webtiles) character file.

Game seed: 17027822864542516978

20904 CurlyBrace the Jinx (level 12, -2/61 HPs)
             Began as a Felid Fire Elementalist on Oct 5, 2021.
             Was a High Priest of Sif Muna.
             Slain by a saltling (20 damage)
             ... summoned by a halazid warlock
             ... in the Desolation of Salt on Oct 15, 2021.
             The game lasted 02:33:26 (6776 turns).

CurlyBrace the Jinx (Felid Fire Elementalist)       Turns: 6776, Time: 02:33:26

Health: -2/61      AC:  3    Str:  7    XL:     12   Next: 49%
Magic:  15/25      EV: 33    Int: 17    God:    Sif Muna [*****.]
Gold:   62         SH:  0    Dex: 24    Spells: 0/27 levels left
                                        Lives:  0   Deaths: 3

rFire   + . .      SeeInvis +     - Unarmed
rCold   + + .      Faith    .   (shield unavailable)
rNeg    . . .      Spirit   .   (armour unavailable)
rPois   +          Reflect  .   (helmet unavailable)
rElec   +          Harm     .   (cloak unavailable)
rCorr   +          Rampage  .   (gloves unavailable)
Will    +....                   (boots unavailable)
Stlth   +++++.....              (no amulet)
HPRegen 0.20/turn               b - +6 ring of dexterity
MPRegen 0.19/turn               l - +4 ring of evasion

@: mighty, resistant, channelling, very slightly contaminated, hasted, very
quick
A: very small, claws 1, fangs 3, see invisible, speed 1, shaggy fur 3, stealthy
paws, no weapons or thrown items, no armour, multi-lived
a: Renounce Religion, Channel Magic, Forget Spell, Divine Exegesis


You were in the Desolation of Salt.
You worshipped Sif Muna.
Sif Muna was extremely pleased with you.
You visited 5 branches of the dungeon, and saw 18 of its levels.
You also visited: Ossuary, Ice Cave and Desolation.

You collected 1063 gold pieces.
You spent 1001 gold pieces at shops.

Inventory:

Jewellery
 b - a +6 ring of dexterity (left paw)
   (You found it on level 11 of the Dungeon)
 g - a ring of ice
   (You found it on level 6 of the Dungeon)
 l - a +4 ring of evasion (right paw)
   (You found it in an ice cave)
Wands
 s - a wand of flame (3)
   (You found it in an ice cave)
Scrolls
 i - a scroll of holy word
 m - a scroll of amnesia
 r - a scroll of identify
 t - a scroll of teleportation
Potions
 a - a potion of lignification
 c - 2 potions of magic
 f - 3 potions of brilliance
 k - 2 potions of cancellation
 p - a potion of mutation


   Skills:
 * Level 11.8 Fighting
 + Level 11.5 Dodging
 + Level 11.7 Stealth
 * Level 11.8 Unarmed Combat
 - Level 8.0 Spellcasting
 - Level 2.0 Conjurations
 - Level 12.0 Hexes
 + Level 5.7 Translocations
 - Level 3.0 Transmutations
 - Level 3.0 Fire Magic
 - Level 2.0 Air Magic
 - Level 2.0 Earth Magic
 - Level 2.0 Poison Magic
 + Level 5.0 Invocations
 - Level 3.0 Evocations


You couldn't memorise any spells.
You knew the following spells:

 Your Spells              Type           Power      Damage    Failure   Level
a - Apportation           Tloc           52%        N/A       1%          1
b - Foxfire               Conj/Fire      60%        2x1d7     3%          1
c - Passwall              Tmut/Erth      12%        N/A       5%          2
d - Scorch                Fire           34%        2d6       4%          2
e - Inner Flame           Hex/Fire       32%        N/A       1%          3
f - Confusing Touch       Hex            47%        N/A       1%          3
g - Ignite Poison         Fire/Tmut/Pois 15%        N/A       11%         3
h - Mephitic Cloud        Conj/Pois/Air  13%        N/A       14%         3
i - Passage of Golubria   Tloc           N/A        N/A       10%         4
j - Invisibility          Hex            23%        N/A       12%         6

Your spell library contained the following spells:

 Spells                   Type           Power      Damage    Failure   Level
 Ensorcelled Hibernation  Hex/Ice        54%        N/A       1%          2
 Slow                     Hex            47%        N/A       1%          2
 Sandblast                Erth           26%        2d8       4%          1
 Freeze                   Ice            24%        1d5       11%         1
 Conjure Flame            Conj/Fire      15%        6-21      11%         3
 Stone Arrow              Conj/Erth      26%        3d8       14%         3
 Silence                  Hex/Air        15%        N/A       16%         5
 Metabolic Englaciation   Hex/Ice        13%        N/A       24%         5
 Vampiric Draining        Necr           3%         2d6       30%         3
 Flame Wave               Conj/Fire      15%        3d5       36%         4
 Sticky Flame             Conj/Fire      15%        2d4       36%         4
 Olgreb's Toxic Radiance  Pois           13%        N/A       41%         4
 Ice Form                 Ice/Tmut       11%        N/A       50%         4
 Hailstorm                Conj/Ice       10%        3d5       56%         4
 Summon Lightning Spire   Summ/Air       10%        N/A       56%         4
 Alistair's Intoxication  Tmut/Pois      10%        N/A       71%         5
 Fireball                 Conj/Fire      7%         3d5       71%         5
 Iskenderun's Battlesphe  Conj           13%        2d7       77%         5
 Lee's Rapid Deconstruct  Erth           6%         3d7*      77%         5
 Freezing Cloud           Conj/Ice/Air   5%         6-21      86%         5
 Conjure Ball Lightning   Conj/Air       6%         3x3d6     100%        6
 Orb of Destruction       Conj           6%         9d3       100%        7
 Ozocubu's Refrigeration  Ice            3%         4d5       100%        7
 Ignition                 Fire           8%         3d5       100%        8
 Lehudib's Crystal Spear  Conj/Erth      6%         10d3      100%        8


Dungeon Overview and Level Annotations

Branches:
Dungeon (12/15)            Temple (1/1) D:5            Lair (1/6) D:9
    Orc (2/2) D:11            Elf (2/3) Orc:2       Ossuary (visited)
  IceCv (visited)         Desolation (1/1)

Altars:
Ashenzari
Cheibriados
Elyvilon
Fedhas
Gozag
Hepliaklqana
Kikubaaqudgha
Makhleb
Nemelex Xobeh
Okawaru
Qazlal
Ru
Sif Muna
Trog
Uskayaw
Vehumet
Wu Jian
Xom
Yredelemnul
Zin
The Shining One

Shops:
D:2 ?   D:5 [   D:9 *!   D:11 *   Orc:2 :*==

Annotations:
D:3 exclusion: upstairs
D:11 I keep forgetting that I have apportation
Orc:2 Sería bueno revisar la partida de Sergey!
Elf:1 exclusion: downstairs, Azrael
Elf:2 Agnes


Innate Abilities, Weirdness & Mutations

You have sharp claws.
You have razor-sharp teeth.
You have supernaturally acute eyesight. (SInv)
You cover ground quickly. (Speed+)
Your thick and shaggy fur keeps you warm. (AC +3, rC+)
Your paws help you pounce on unaware monsters.
You are incapable of wielding weapons or throwing items.
You cannot wear armour.
You gain extra lives every three experience levels.


Message History

The saltling completely misses you.
You enter the passage of Golubria.
There is a passage of Golubria here.
Items here: )) [[ †.
A crystal guardian, a saltling, a ragged hierophant and a halazid warlock come into view.
Found the Volume of Air.
The ragged hierophant shouts!
The halazid warlock shouts!
You hear a roar!
A peacekeeper comes into view. x2
The halazid warlock mumbles some strange words.
The peacekeeper moves out of view.
You hear a shout!
You hear a roar!
Press: ? - help, v - describe, . - travel, g - get item
Here: a servant of whispers, wielding a +0 club and wearing a +0 robe (summoned) Item here: the Volume of Air.
The floor.
A ragged hierophant comes into view. It is wielding a +0 long sword.
The ragged hierophant casts a spell.
The ragged hierophant begins to accept its allies' injuries.
A saltling comes into view.
Press: ? - help, v - describe, . - travel
Here: a crystal guardian (sheltered from injuries)
The floor.
Unknown command.
You feel yourself speed up.
The peacekeeper roars a battlecry!
The golems go into a battle-frenzy!
The saltling enters the passage of Golubria.
The peacekeeper roars a battlecry!
The saltling goes into a battle-frenzy!
Unknown command.
Okay, then.
You fail to use your ability.
The guardian serpent casts a spell at you.
The ragged hierophant blinks!
The saltling blinks into view!
The servant of whispers blinks!
The peacekeeper blinks! x2
The peacekeeper roars a battlecry!
The golems go into a battle-frenzy!
The saltling completely misses you. The saltling misses you.
The peacekeeper completely misses you. x2; The saltling hits you!!
You die...

######################
########################
########################
########################
########################
########################
########################
....^.9aa99.............
.....99@9##..9.....9.9..
......998######.........
.......a.# #.........
......9..9 #.........
.....8.9..L #.........
....###9S99. ##........
.... #...... ##........
... :§......#.........
#§§§§§§§..


You could see 2 ragged hierophants, a servant of whispers (summoned, sheltered),
a halazid warlock (sheltered), a crystal guardian (strong, sheltered), 3
peacekeepers, a guardian serpent (summoned, sheltered) and 10 saltlings.

Vanquished Creatures
  A deep elf sorcerer (Elf:1)
  An orc warlord (Orc:1)
  A deep elf death mage (Elf:1)
  A ragged hierophant (Desolation)
  A servant of whispers (Desolation)
  An ironbound frostheart (IceCv)
  A centaur warrior (D:11)
  4 orc high priests
  5 two-headed ogres
  5 death yaks (IceCv)
  2 deep elf knights (Elf:1)
  6 deep elf archers (Elf:1)
  A deep troll (IceCv)
  13 deep elf zephyrmancers (Elf:1)
  11 deep elf pyromancers (Elf:1)
  4 orc knights (Orc:2)
  An ugly thing (IceCv)
  A manticore (D:11)
  3 orc sorcerers (Orc:2)
  A centaur zombie (D:11)
  An ice statue (IceCv)
  An unseen horror (D:10)
  A rime drake (IceCv)
  11 polar bears (IceCv)
  A hornet (D:9)
  Grinder (D:5)
  3 trolls
  Sigmund (D:3)
  A water elemental (Elf:1)
  28 yaks
  2 fire elementals (Elf:1)
  A basilisk (shapeshifter) (Elf:1)
  5 wargs
  Edmund (D:5)
  A water moccasin (D:6)
  A hell hound (Elf:1)
  A sky beast (D:6)
  27 orc warriors
  A hornet zombie (D:9)
  4 black bears
  2 necrophages
  7 ogres
  An ice beast (D:6)
  13 wolves (IceCv)
  5 centaurs
  3 bullfrogs
  A scorpion (D:7)
  7 wights
  6 killer bees (D:9)
  2 howler monkeys
  A jelly (D:8)
  20 orc priests
  An iron imp (D:9)
  A centaur skeleton (D:5)
  2 iguanas (D:5)
  13 orc wizards
  4 mummies (Ossuary)
  A howler monkey zombie (D:9)
  4 gnolls
  4 adders
  13 white imps
  An adder skeleton (D:4)
  54 orcs
  A bat (D:2)
  5 endoplasms
  2 giant cockroaches (D:2)
  4 gnoll zombies (Ossuary)
  A goblin (D:4)
  A hobgoblin (D:4)
  2 ball pythons
  2 gnoll skeletons (Ossuary)
  7 goblin skeletons (Ossuary)
  9 goblin zombies (Ossuary)
  3 hobgoblin skeletons (Ossuary)
  3 hobgoblin zombies (Ossuary)
  3 kobold skeletons (Ossuary)
  3 kobold zombies (Ossuary)
  6 orc skeletons (Ossuary)
  2 orc zombies (Ossuary)
  2 rat skeletons (Ossuary)
  3 rat zombies (Ossuary)
382 creatures vanquished.

Vanquished Creatures (collateral kills)
  A hobgoblin zombie (Ossuary)
  A kobold skeleton (Ossuary)
  A rat skeleton (Ossuary)
3 creatures vanquished.

Vanquished Creatures (others)
  A deep elf archer (Elf:1)
  A centaur (D:11)
  An orc priest (Orc:2)
  An orc wizard (Orc:2)
  An orc (Orc:2)
  129 foxfires
134 creatures vanquished.

Grand Total: 519 creatures vanquished

Notes
Turn   | Place    | Note
-------+----------+-------------------------------------------
     0 | D:1      | CurlyBrace the Felid Fire Elementalist began the quest for
                  | the Orb.
     0 | D:1      | Reached XP level 1. HP: 7/7 MP: 4/4
     9 | D:1      | Learned a level 1 spell: Apportation
    57 | D:2      | Reached skill level 1 in Conjurations
    92 | D:2      | Reached skill level 1 in Translocations
   124 | D:2      | Found Xurigif's Magic Scroll Shoppe.
   139 | D:2      | Reached XP level 2. HP: 12/12 MP: 3/6
   251 | D:4      | Learned a level 2 spell: Scorch
   288 | D:4      | Reached skill level 1 in Fighting
   426 | D:4      | Reached XP level 3. HP: 15/15 MP: 2/7
   441 | D:5      | Entered Level 5 of the Dungeon
   460 | D:3      | Noticed Sigmund
   489 | D:5      | Noticed a scorpion
   492 | D:5      | a scorpion changed into a ball python
   541 | D:5      | Noticed a necrophage
   559 | D:5      | Killed a necrophage
   560 | D:5      | Reached skill level 1 in Unarmed Combat
   560 | D:5      | Reached XP level 4. HP: 17/20 MP: 0/9
   564 | D:5      | Learned a level 3 spell: Conjure Flame
   584 | D:5      | Found a sand-covered staircase.
   591 | D:5      | Noticed a black bear
   594 | Ossuary  | Entered an ossuary
   777 | Ossuary  | Reached XP level 5. HP: 14/23 MP: 10/10
   781 | Ossuary  | Learned a level 3 spell: Inner Flame
  1060 | Ossuary  | Reached skill level 1 in Hexes
  1296 | D:5      | Noticed an ogre
  1303 | D:5      | Found a staircase to the Ecumenical Temple.
  1330 | Temple   | Entered the Ecumenical Temple
  1334 | D:5      | Noticed an ogre
  1341 | D:5      | Killed an ogre
  1342 | D:5      | Reached skill level 2 in Hexes
  1342 | D:5      | Gained mutation: You are covered in thick fur. (AC +2)
                  | [Felid growth]
  1342 | D:5      | Reached XP level 6. HP: 28/28 MP: 5/13
  1383 | Temple   | Became a worshipper of Sif Muna the Loreminder
  1400 | D:5      | Noticed Edmund
  1465 | D:5      | Slain by a black bear
  1466 | D:5      | Reached XP level 5. HP: 0/24 MP: 3/12
  1466 | D:5      | Reached skill level 5 in Spellcasting
  1466 | D:5      | Reached skill level 1 in Invocations
  1466 | D:5      | Reached XP level 6. HP: 28/28 MP: 12/14
  1517 | D:5      | Killed Edmund
  1536 | D:5      | Learned a level 6 spell: Invisibility
  1617 | D:5      | Found Vaopuome's Antique Armour Boutique.
  1620 | D:5      | Noticed Grinder
  1658 | D:6      | Reached skill level 5 in Fighting
  1658 | D:6      | Reached skill level 5 in Unarmed Combat
  1658 | D:6      | Reached skill level 10 in Hexes
  1658 | D:6      | Reached XP level 7. HP: 34/34 MP: 13/17
  1725 | D:5      | Reached XP level 8. HP: 38/38 MP: 13/18
  1756 | D:3      | Killed Sigmund
  1797 | D:5      | Paralysed by Grinder for 4 turns
  1798 | D:5      | Killed Grinder
  2323 | D:6      | Reached XP level 9. HP: 42/42 MP: 11/19
  2398 | D:6      | Reached * piety under Sif Muna
  2453 | D:7      | Found a glowing silver altar of Zin.
  2785 | D:8      | Noticed a two-headed ogre
  2801 | D:8      | Killed a two-headed ogre
  2873 | D:8      | Learned a level 3 spell: Confusing Touch
  2917 | D:9      | Reached skill level 1 in Evocations
  2942 | D:8      | Found a hazy altar of Hepliaklqana.
  2957 | D:9      | Found a staircase to the Lair.
  2968 | D:9      | Reached XP level 10. HP: 24/47 MP: 3/21
  2987 | Lair:1   | Entered Level 1 of the Lair of Beasts
  3030 | D:9      | Noticed a two-headed ogre
  3052 | D:9      | Killed a two-headed ogre
  3127 | D:9      | Reached ** piety under Sif Muna
  3148 | D:9      | Found a snail-covered altar of Cheibriados.
  3179 | D:9      | Identified the +3 leather armour "Celiohaj" {Fly rElec}
  3189 | D:9      | Found Atsuf's Distillery.
  3198 | D:9      | Bought a potion of mutation for 112 gold pieces
  3198 | D:9      | Bought a potion of heal wounds for 70 gold pieces
  3206 | D:9      | Found Guuloegi's General Store.
  3208 | D:10     | Entered Level 10 of the Dungeon
  3248 | D:10     | Learned a level 3 spell: Mephitic Cloud
  3420 | D:11     | Noticed a centaur warrior
  3427 | D:11     | Killed a centaur warrior
  3429 | D:11     | Reached skill level 1 in Air Magic
  3429 | D:11     | Reached skill level 1 in Poison Magic
  3435 | D:11     | Noticed a manticore
  3445 | D:11     | Killed a manticore
  3499 | D:11     | Reached XP level 11. HP: 44/51 MP: 7/22
  3520 | D:11     | Found Ximoluhi's General Store.
  3528 | D:11     | Bought a potion of heal wounds for 65 gold pieces
  3592 | D:11     | Noticed a two-headed ogre
  3599 | D:11     | Killed a two-headed ogre
  3605 | D:11     | Got the Incunabulum of Combat Magic and Stones
  3774 | D:11     | Found a frozen archway.
  3841 | IceCv    | Entered an ice cave
  3979 | IceCv    | Reached skill level 11 in Hexes
  4029 | IceCv    | Noticed a death yak
  4039 | IceCv    | Killed a death yak
  4092 | IceCv    | Reached *** piety under Sif Muna
  4282 | IceCv    | Noticed a white ugly thing
  4314 | IceCv    | Killed a white ugly thing
  4382 | IceCv    | Noticed a death yak
  4382 | IceCv    | Noticed a death yak
  4418 | IceCv    | Killed a death yak
  4419 | IceCv    | Reached skill level 12 in Hexes
  4466 | IceCv    | Killed a death yak
  4467 | IceCv    | Gained mutation: Your thick and shaggy fur keeps you warm.
                  | (AC +3, rC+) [Felid growth]
  4467 | IceCv    | Reached XP level 12. HP: 36/57 MP: 4/25
  4592 | IceCv    | Noticed a death yak
  4592 | IceCv    | Noticed an ironbound frostheart
  4592 | IceCv    | Noticed an ironbound frostheart
  4592 | IceCv    | Noticed a death yak
  4599 | IceCv    | Killed a death yak
  4637 | IceCv    | Reached skill level 10 in Stealth
  4642 | IceCv    | HP: 2/57 [ironbound frostheart/creeping frost (36)]
  4694 | IceCv    | Killed an ironbound frostheart
  4695 | IceCv    | Reached skill level 10 in Dodging
  4752 | IceCv    | Killed a death yak
  5014 | IceCv    | an ironbound frostheart changed into a deep troll
  5040 | IceCv    | Got the Disquisition on the Glacier
  5069 | D:11     | Found a staircase to the Orcish Mines.
  5076 | Orc:1    | Entered Level 1 of the Orcish Mines
  5079 | Orc:1    | Noticed an orc high priest
  5121 | Orc:1    | Killed an orc high priest
  5121 | Orc:1    | Reached **** piety under Sif Muna
  5137 | Orc:1    | Noticed a two-headed ogre
  5268 | Orc:1    | Killed a two-headed ogre
  5269 | Orc:1    | Reached skill level 10 in Fighting
  5269 | Orc:1    | Reached skill level 10 in Unarmed Combat
  5336 | Orc:1    | Learned a level 3 spell: Ignite Poison
  5365 | Orc:2    | Entered Level 2 of the Orcish Mines
  5453 | Orc:1    | Noticed an orc warlord
  5494 | Orc:1    | Killed an orc warlord
  5526 | Orc:2    | Found a staircase to the Elven Halls.
  5561 | Orc:2    | Reached skill level 1 in Transmutations
  5572 | Orc:2    | Noticed an orc high priest
  5594 | Orc:2    | Killed an orc high priest
  5597 | Orc:2    | Noticed a two-headed ogre
  5644 | Orc:2    | Killed a two-headed ogre
  5670 | Orc:2    | Reached XP level 13. HP: 40/62 MP: 4/26
  6052 | Orc:2    | Found Avem's Book Shop.
  6052 | Orc:2    | Found Oraeh's Jewellery Shoppe.
  6054 | Orc:2    | Found Caonk's Assorted Antiques.
  6054 | Orc:2    | Found Zobbajo's Jewellery Shoppe.
  6060 | Orc:2    | Bought a book of the Moon for 520 gold pieces
  6070 | Orc:2    | Bought a book of Geomancy for 234 gold pieces
  6073 | Orc:2    | Learned a level 2 spell: Passwall
  6078 | Orc:2    | Learned a level 4 spell: Passage of Golubria
  6079 | Orc:2    | Upgraded the game from 0.28-a0-604-g249bb1af34 to
                  | 0.28-a0-653-g7e9dba17c3
  6079 | Orc:2    | Upgraded the game from 0.28-a0-653-g7e9dba17c3 to
                  | 0.28-a0-657-g71136c5590
  6079 | Orc:2    | Upgraded the game from 0.28-a0-657-g71136c5590 to
                  | 0.28-a0-664-gc179e30c89
  6107 | Elf:1    | Entered Level 1 of the Elven Halls
  6132 | Elf:1    | Reached skill level 5 in Invocations
  6163 | Elf:1    | Noticed a deep elf death mage
  6226 | Elf:1    | Killed a deep elf death mage
  6227 | Elf:1    | Reached skill level 1 in Earth Magic
  6270 | Elf:2    | Noticed Agnes
  6308 | Elf:1    | Incinerated by a deep elf pyromancer
  6309 | Elf:1    | Reached XP level 12. HP: 0/60 MP: 1/25
  6428 | Elf:1    | Noticed a deep elf sorcerer
  6471 | Elf:1    | Reached ***** piety under Sif Muna
  6471 | Elf:1    | Received a gift from Sif Muna
  6513 | Elf:1    | Got Sif Muna's Handbook of Frigorific Lightness {god gift}
  6539 | Elf:1    | Killed from afar by a deep elf zephyrmancer
  6540 | Elf:1    | Reached XP level 11. HP: -4/55 MP: 8/24
  6543 | Elf:1    | Noticed a deep elf knight
  6543 | Elf:1    | Noticed a deep elf knight
  6555 | Elf:1    | Killed a deep elf knight
  6556 | Elf:1    | Noticed a deep elf zephyrmancer
  6571 | Elf:1    | Killed a deep elf zephyrmancer
  6572 | Elf:1    | Reached skill level 5 in Translocations
  6572 | Elf:1    | Killed a deep elf knight
  6574 | Elf:1    | Noticed a deep elf zephyrmancer
  6578 | Elf:1    | Killed a deep elf zephyrmancer
  6579 | Elf:1    | Reached XP level 12. HP: 60/60 MP: 23/25
  6602 | Elf:1    | Killed a deep elf sorcerer
  6610 | Elf:1    | Noticed Azrael
  6683 | Elf:1    | Found a crumbling gateway.
  6683 | Elf:1    | Noticed an angel
  6687 | Elf:1    | Noticed an angel
  6692 | Elf:1    | Found a white marble altar of Elyvilon.
  6692 | Elf:1    | Found a glowing silver altar of Zin.
  6692 | Elf:1    | Found a glowing golden altar of the Shining One.
  6697 | Desolati | Entered the Desolation of Salt
  6706 | Desolati | Noticed a peacekeeper
  6734 | Desolati | Noticed a ragged hierophant
  6734 | Desolati | Noticed a servant of whispers
  6751 | Desolati | Killed a servant of whispers
  6762 | Desolati | Killed a ragged hierophant
  6772 | Desolati | Noticed a ragged hierophant
  6772 | Desolati | Noticed a crystal guardian
  6772 | Desolati | Noticed a halazid warlock
  6772 | Desolati | Noticed a peacekeeper
  6772 | Desolati | Noticed a peacekeeper
  6773 | Desolati | Noticed a servant of whispers
  6773 | Desolati | Noticed a peacekeeper
  6773 | Desolati | Noticed a ragged hierophant
  6776 | Desolati | Slain by a saltling

Illustrated notes

Levels and vault maps discovered:
D:1:      lightli_arrival_isolated_outpost, layout_basic,
          hellmonk_ecumenical_altar_arch_garden, minmay_bisected
D:2:      minmay_skewed_foursquare, layout_loops_cross, serial_shops,
          nicolae_shop_trees, shop, uniq_terence
D:3:      layout_basic, uniq_ijyb, uniq_jessica, uniq_sigmund
D:4:      cheibrodos_barr_body, layout_gridville
D:5:      layout_basic, minmay_temple_entry_slanted, serial_shops,
          kennysheep_mini, nicolae_ossuary_entry_ruins, uniq_menkaure,
          uniq_grinder, uniq_edmund
D:6:      layout_gridville, kennysheep_opposing_triangles
D:7:      layout_basic, kennysheep_mini_moat
D:8:      layout_loops_ring, grunt_dithmenos_smoke,
          nicolae_overflow_hidden_temple, st_stairs_1
D:9:      layout_cross, slow_altar_1, erik_lair_orcish_takeover, serial_shops,
          shop, nicolae_shop_crystal
D:10:     layout_rooms
D:11:     minmay_shrinking_squares, layout_basic, orc_0_dummy,
          portal_ice_cave_entry_imps, serial_shops, shop
D:12:     minmay_swirls_squares, layout_basic, uniq_fannar
Temple:   compressed_dpeg_circular_temple
Lair:1:   layout_cave_shapes, grunt_megastairs_2
Orc:1:    layout_caves
Orc:2:    grunt_orc_tribal_feast, layout_caves
Elf:1:    eino_elf_arrival_customs, layout_gridlike,
          ploomutoo_gammafunk_ghost_potion_laboratory,
          portal_desolation_entry_holy_temple, minmay_elf_sorcery, uniq_azrael
Elf:2:    elven_hall_of_blades_hangedman_original [mumra_blade_entry_dagger],
          layout_gridlike, basic_altar, uniq_agnes
Desolation

Skill      XL: |  1  2  3  4  5  6  7  8  9 10 11 12 13 |
---------------+----------------------------------------+-----
Conjurations   | 1 2 |  2.0
Translocations | 1 2 5 4 |  5.7
Fighting       | 1 2 3 5 6 7 9 10 11 | 11.8
Fire Magic     | 3 |  3.0
Dodging        | 3 6 7 8 10 11 | 11.5
Stealth        | 3 7 8 10 11 | 11.7
Spellcasting   | 3 5 6 7 8 |  8.0
Unarmed Combat | 1 2 5 6 7 9 10 11 | 11.8
Hexes          | 2 10 12 | 12.0
Invocations    | 1 3 4 5 |  5.0
Evocations     | 1 3 |  3.0
Air Magic      | 1 2 |  2.0
Poison Magic   | 1 2 |  2.0
Transmutations | 1 3 |  3.0
Earth Magic    | 2 1 |  2.0

Action                   |  1- 3 |  4- 6 |  7- 9 | 10-12 | 13-15 || total
-------------------------+-------+-------+-------+-------+-------++-------
Melee: Unarmed           |     4 |   167 |    62 |   423 |    92 ||   748
       Punch             |       |    13 |     9 |    52 |    10 ||    84
       Touch             |       |     1 |       |    18 |     1 ||    20
       Bite              |       |       |       |    11 |    15 ||    26
 Cast: Foxfire           |    23 |    26 |    10 |    18 |     2 ||    79
       Scorch            |     4 |    13 |    33 |    82 |    12 ||   144
       Apportation       |     1 |       |       |    41 |     8 ||    50
       Inner Flame       |       |     5 |    16 |    43 |     7 ||    71
       Conjure Flame     |       |     4 |     5 |     8 |       ||    17
       Invisibility      |       |       |     4 |    15 |     3 ||    22
       Confusing Touch   |       |       |       |    20 |     5 ||    25
       Mephitic Cloud    |       |       |       |    48 |    13 ||    61
       Passage of Golubr |       |       |       |    13 |     2 ||    15
       Ignite Poison     |       |       |       |     2 |     3 ||     5
Invok: Channel Magic     |       |       |       |    16 |     3 ||    19
Evoke: Wand              |     1 |     1 |     3 |    27 |     5 ||    37
  Use: Scroll            |       |    11 |     4 |    12 |     1 ||    28
       Potion            |       |     2 |     2 |    14 |       ||    18
 Stab: Sleeping          |     2 |     2 |    13 |    19 |     1 ||    37
       Invisible         |       |       |     4 |    35 |    10 ||    49
       Confused          |       |       |       |    47 |     9 ||    56
Armor: Skin              |       |    11 |     3 |    17 |       ||    31
Dodge: Dodged            |     7 |   100 |    52 |   317 |    51 ||   527

Table legend: (Time is in decaauts)
 A = Elapsed time spent in this place.
 B = Non-inter-level travel time spent in this place.
 C = Inter-level travel time spent in this place.
 D = Time resting spent in this place.
 E = Time spent auto-exploring this place.
 F = Levels seen in this place.
 G = Mean time per level.
                   A        B        C        D        E       F      G
               +--------+--------+--------+--------+--------+-----+--------+
         Total |   5806 |   5667 |    139 |    223 |      0 |  21 |  276.5 |
       Dungeon |   2639 |   2512 |    127 |      0 |      0 |  12 |  219.9 |
        Temple |     46 |     34 |     12 |      0 |      0 |   1 |   46.0 |
          Lair |      5 |      5 |      0 |      0 |      0 |   1 |    5.0 |
  Orcish Mines |    882 |    882 |      0 |      0 |      0 |   2 |  441.0 |
   Elven Halls |    519 |    519 |      0 |      0 |      0 |   2 |  259.5 |
       Ossuary |    618 |    618 |      0 |     17 |      0 |   1 |  618.0 |
      Ice Cave |   1048 |   1048 |      0 |    206 |      0 |   1 | 1048.0 |
    Desolation |     46 |     46 |      0 |      0 |      0 |   1 |   46.0 |
               +--------+--------+--------+--------+--------+-----+--------+

Top non-repeatable levels by time:
   IceCv: 1048 daAuts
 Ossuary: 618 daAuts
   Elf:1: 511 daAuts
     D:5: 470 daAuts
   Orc:2: 469 daAuts
     D:6: 469 daAuts
    D:11: 430 daAuts
   Orc:1: 413 daAuts
     D:8: 308 daAuts
     D:9: 285 daAuts
     D:4: 243 daAuts
     D:7: 119 daAuts
     D:2: 107 daAuts
    D:10: 99 daAuts
     D:3: 63 daAuts
